cohdb
Replays
Latest Replays
All Replays
Popular Replays
Top Player Replays
Match Explorer
How It Works
Community
CoH3 Stats
Reddit
Sign in to upload your games and track your stats! →
Sign in with Steam
Match 39265140
Unlisted
Match 39265140
Overview
Messages
Build Orders
End
Selects Italian Combined Arms Battlegroup
Selects Bersaglieri Squad
Bersaglieri Squad
Panzerpioneer Squad
Bersaglieri Squad
Construct Light Support Kompanie
Bersaglieri Squad
Fire Support Elements
Pak 38 Mechanized Group
le.IG 18 Support Gun Team
2.5-tonne Medical Truck
MG34 Team
Selects Semovente da 75/18 Assault Gun
Selects Strafing Run
Strafing Run
Pak 38 Mechanized Group
Strafing Run
Construct Panzerarmee Kommand
Strafing Run
UH|dun! ツ
insane
iceman
-ZharA-
Spirit
Mecska
0
0
Comments
sign in to comment!
No comments posted yet!